 Dungeon Crawl Stone Soup version 0.20.0-14-g326068f (webtiles) character file.

217 Soyweiser the Cudgeler (level 5, -1/45 HPs)
             Began as a Hill Orc Monk on June 8, 2017.
             Was a Believer of Beogh.
             Slain by a gnoll (5 damage)
             ... on level 3 of the Dungeon.
             The game lasted 00:09:48 (2325 turns).

Soyweiser the Cudgeler (Hill Orc Monk)              Turns: 2325, Time: 00:09:49

Health: -1/45      AC:  2    Str: 15    XL:     5   Next: 94%
Magic:  2/5        EV: 13    Int: 10    God:    Beogh [**....]
Gold:   86         SH:  0    Dex: 13    Spells: 4/4 levels left

rFire    . . .     SeeInvis .   q - +0 war axe
rCold    + . .     Gourm    .   (no shield)
rNeg     . . .     Faith    .   b - +0 robe
rPois    .         Spirit   .   (no helmet)
rElec    .         Reflect  .   (no cloak)
rCorr    .         Harm     .   (no gloves)
MR       .....                  (no boots)
Stlth    ++........             (no amulet)
Regen    0.2/turn               i - ring of protection from cold
MPRegen  0.1/turn               (no ring)

@: no status effects
A: no striking features
a: Smiting, Renounce Religion


You were on level 3 of the Dungeon.
You worshipped Beogh.
Beogh was pleased with you.
You were hungry.

You visited 1 branch of the dungeon, and saw 3 of its levels.

You collected 86 gold pieces.

Inventory:

Hand Weapons
 a - a +0 mace
 q - a +0 war axe (weapon)
Missiles
 f - 98 stones (quivered)
Armour
 b - a +0 robe (worn)
Jewellery
 i - a ring of protection from cold (left hand)
Wands
 l - a wand of paralysis (0/24)
Scrolls
 d - a scroll of recharging
 h - a scroll of amnesia
 m - a scroll of blinking {unknown}
 n - a scroll of random uselessness {unknown}
 p - a scroll of teleportation {unknown}
Potions
 k - a potion of haste
 o - a potion of magic
Comestibles
 c - 2 bread rations


   Skills:
 - Level 3.6 Fighting
 * Level 3.3(5.5) Axes
 - Level 5.6(5.9) Maces & Flails
 + Level 2.5 Armour
 - Level 2.4 Dodging
 - Level 1.5 Stealth


You had 4 spell levels left.
You didn't know any spells.

Dungeon Overview and Level Annotations

Branches:
Dungeon (3/15)

Altars:
Makhleb


Message History

You smite the gnoll!
You kill the gnoll!
Beogh accepts your kill. The gnoll barely misses you.
You hit the gnoll but do no damage. The gnoll closely misses you.
Evoke which item? (* to show all) (? for menu, Esc to quit)
Aiming: Paralyse (will waste charges)
Press: ? - help, Shift-Dir - straight line, f - gnoll
Aim: a gnoll (chance to defeat MR: 54%) Nothing appears to happen.
The gnoll hits you.
* * * LOW HITPOINT WARNING * * *
Evoke which item? (* to show all) (? for menu, Esc to quit)
This wand has no charges.
Unknown command.
You hit the gnoll.
The gnoll is moderately wounded.
The gnoll hits you.
* * * LOW HITPOINT WARNING * * *
The gnoll hits you.
You die...

.......#.# ..
.....>.).##)...
#.##.)...... #
#.##)###.#.#
###.##. #.###....#
....# .##.....##)#
######...####)##.#
# #. ##.##g#
######.###..##@#
..........#.##.#
##...#.###.#.# ...
#.## #..#
#.....#.###.###
..........#.#
.#.....###..#
#....####..#
............#


You could see a gnoll.

Vanquished Creatures
  An orc wizard (D:3)
  A killer bee zombie (D:3)
  3 gnolls (D:3)
  7 adders
  2 oozes (D:2)
  2 dart slugs (D:2)
  2 leopard geckos
  9 orcs (D:3)
  A giant cockroach (D:1)
  4 hobgoblins (D:2)
  7 kobolds
  4 quokkas (D:2)
  6 bats
  4 frilled lizards
  4 goblins (D:2)
  6 rats
63 creatures vanquished.

Vanquished Creatures (others)
  An orc priest (D:3)
  An orc wizard (D:3)
2 creatures vanquished.

Grand Total: 65 creatures vanquished

Notes
Turn   | Place    | Note
-------+----------+-------------------------------------------
     0 | D:1      | Soyweiser the Hill Orc Monk began the quest for the Orb.
     0 | D:1      | Reached XP level 1. HP: 19/19 MP: 1/1
   230 | D:1      | Reached XP level 2. HP: 26/26 MP: 2/2
   235 | D:1      | Reached skill level 4 in Maces & Flails
   452 | D:2      | Reached XP level 3. HP: 30/31 MP: 3/3
   770 | D:2      | Reached skill level 5 in Maces & Flails
   807 | D:2      | Reached XP level 4. HP: 36/39 MP: 4/4
  1406 | D:2      | Reached skill level 1 in Armour
  1536 | D:3      | Found a burning altar of Makhleb.
  1582 | D:3      | Reached XP level 5. HP: 24/45 MP: 5/5
  1590 | D:3      | HP: 2/45 [orc/short sword (8)]
  2295 | D:3      | Became a worshipper of Beogh the Brigand
  2295 | D:3      | Reached * piety under Beogh
  2295 | D:3      | Reached ** piety under Beogh
  2325 | D:3      | Slain by a gnoll

Skill      XL: |  1  2  3  4  5 |
---------------+----------------+-----
Maces & Flails | 4 5 |  5.6
Armour         | 1 2 |  2.5
Axes           | 2 3 |  3.3
Fighting       | |  3.6
Dodging        | |  2.4
Stealth        | |  1.5

Action                   |  1- 3 |  4- 6 || total
-------------------------+-------+-------++-------
Melee: Mace              |    78 |    46 ||   124
       War axe           |       |    83 ||    83
Throw: Stone             |     3 |       ||     3
Invok: Smiting           |       |     1 ||     1
       Convert to Beogh  |       |     1 ||     1
Evoke: Wand              |       |     5 ||     5
  Use: Scroll            |       |     4 ||     4
       Potion            |       |     1 ||     1
 Stab: Sleeping          |     3 |     2 ||     5
       Paralysed         |       |     4 ||     4
  Eat: Chunk             |       |     2 ||     2
       Royal jelly       |       |     1 ||     1
Armor: Robe              |    10 |    20 ||    30
       Skin              |       |     2 ||     2
Dodge: Dodged            |    63 |   101 ||   164
